 Dungeon Crawl Stone Soup version 0.30.1-11-g7821555f0a (webtiles) character file.

Game seed: 10832547744316095763

1804 KittyFluff the Covered (level 9, -8/82 HPs)
             Began as a Gargoyle Berserker on Nov 24, 2023.
             Was an Elder of Trog.
             Mangled by an orc warrior
             ... wielding a +0 halberd
              (10 damage)
             ... on level 7 of the Dungeon.
             The game lasted 00:22:14 (4800 turns).

KittyFluff the Covered (Gargoyle Berserker)         Turns: 4800, Time: 00:22:14

Health: -8/82      AC: 20    Str: 28    XL:     9   Next: 9%
Magic:  0/9        EV: 13    Int:  7    God:    Trog [****..]
Gold:   185        SH:  0    Dex: 15    Spells: 8/8 levels left

rFire   . . .        y - +4 flail
rCold   . . .        (no shield)
rNeg    + + .        B - +1 robe of the Original Sin {rN+ Will+ Str+2}
rPois   ∞            a - +2 helmet
rElec   +            (no cloak)
rCorr   .            (no gloves)
SInv    .            p - +2 pair of boots
Will    +....        e - amulet of guardian spirit Stlth
                     b - +4 ring of protection
HPRegen 0.33/turn    n - +6 ring of dexterity
MPRegen 0.11/turn

%: guardian spirit
@: berserking, very quick
A: sickness immunity, AC +6, negative energy resistance 1, electricity
resistance, torment resistance 1, petrification resistance
a: Renounce Religion, Berserk, Trog's Hand, Brothers in Arms


You were on level 7 of the Dungeon.
You worshipped Trog.
Trog was greatly pleased with you.
You visited 1 branch of the dungeon, and saw 7 of its levels.

You collected 410 gold pieces.
You spent 225 gold pieces at shops.

Inventory:

Hand Weapons
 t - a +0 sling
 u - a +0 quarterstaff
 y - a +4 flail (weapon)
Missiles
 s - 12 poisoned darts (quivered)
 A - 14 boomerangs of dispersal
Armour
 a - a +2 helmet (worn)
 i - an orb of mayhem
 p - a +2 pair of boots (worn)
 w - the +0 ring mail of Midwinter {Dex+2}
   (You bought it in a shop on level 5 of the Dungeon)

   Dex:       It affects your dexterity (+2).
 B - the +1 robe of the Original Sin (worn) {rN+ Will+ Str+2}
   (You found it on level 5 of the Dungeon)

   Str:       It affects your strength (+2).
   rN:        It protects you from negative energy.
   Will:      It increases your willpower.
Jewellery
 b - a +4 ring of protection (left hand)
 e - an amulet of guardian spirit (around neck)
 n - a +6 ring of dexterity (right hand)
 q - an amulet of faith
 C - a ring of flight
Wands
 m - a wand of flame (21)
Scrolls
 d - 2 scrolls of immolation {unknown}
 g - 2 scrolls of enchant weapon {unknown}
 h - 6 scrolls of teleportation
 k - 2 scrolls of amnesia {unknown}
 l - 2 scrolls of fear {unknown}
 o - a scroll of magic mapping {unknown}
 r - 2 scrolls of fog {unknown}
 x - 2 scrolls of blinking {unknown}
 D - a scroll of silence {unknown}
Potions
 c - a potion of haste
 f - 3 potions of mutation
 v - a potion of berserk rage
 z - a potion of might
 E - a potion of curing


   Skills:
 + Level 5.6 Fighting
 * Level 6.9 Maces & Flails
 * Level 7.0 Armour
 + Level 3.8 Dodging
 + Level 5.0 Stealth


You had 8 spell levels left.
You didn't know any spells.
Your spell library was empty.

Dungeon Overview and Level Annotations

Branches:
Dungeon (7/15)             Temple (0/1) D:4

Altars:
Fedhas
Gozag
Makhleb
Nemelex Xobeh
Trog

Shops:
D:5 ?!=*[


Innate Abilities, Weirdness & Mutations

You are immune to sickness and miasma.
Your stone body is resilient. (AC +6)
You are immune to poison.
You resist negative energy. (rN+)
You are resistant to electric shocks. (rElec)
You are resistant to unholy torment.
You are immune to petrification.


Message History

Something hits you but does no damage.
You barely miss something.
The orc priest looks braver for a moment.
The orc warrior misses you. Something completely misses you.
You hit something. The orc warrior misses you.
Something hits you but does no damage.
You hit something.
The orc warrior hits you from afar with a +0 halberd!
You hear some strange, mumbled words.
A magic dart appears from out of thin air!
The magic dart hits you but does no damage.
You sock something! Trog accepts your kill.
Trog appreciates your killing of a magic user.
Reactivating autopickup.
You feel a bit more experienced.
The orc priest calls down the wrath of Beogh upon you.
Beogh smites you!
* * * LOW HITPOINT WARNING * * *
The orc warrior hits you from afar with a +0 halberd.
* * * LOW HITPOINT WARNING * * *
A red film seems to cover your vision as you go berserk!
You feel yourself moving faster!
You feel mighty!
The orc priest invokes the aid of Beogh against you.
You easily resist.
The orc warrior hits you but does no damage.
You feel a strong urge to attack something.
The orc priest misses you. The orc warrior barely misses you.
Items here: ))))) [[[ ††††.
You bludgeon the orc priest!!
You kill the orc priest!
Trog accepts your kill.
The orc warrior hits you with a +0 halberd!
* * * LOW HITPOINT WARNING * * *
Your Armour skill increases to level 7!
You closely miss the orc warrior. You hit the orc warrior.
The orc warrior is lightly wounded.
The orc warrior hits you with a +0 halberd!
You die...

#...# #.# #.###
#.# ##.# #.#
#..########.####
#.###..........#
##.#
#..........#
###### #..#
#..........#
#.....##.##
#..........#
.......#@#
#..........#
.......)o#
#.(........#
.........#
#..........#
......!..#
#..........#
.........#
####..######
........##
##..## ........#
#).## ........#
#)## ######
........# ##>#
#....#


You could see an orc warrior.

Vanquished Creatures
  Menkaure (D:4)
  An ogre (D:5)
  2 centaurs (D:5)
  2 phantoms (D:5)
  3 kobold brigands
  A gnoll sergeant (D:5)
  2 scorpions (D:5)
  A howler monkey (D:6)
  2 orc priests (D:7)
  5 hounds
  4 jellies
  2 gnoll boudas
  4 iguanas
  3 orc wizards
  13 gnolls
  6 adders
  A white imp (D:6)
  2 worms
  5 dart slugs
  11 orcs
  10 endoplasms
  3 giant cockroaches
  9 hobgoblins
  11 jackals
  14 kobolds
  12 ball pythons
  9 bats
  A frilled lizard (D:1)
  A goblin (D:3)
  6 rats
147 creatures vanquished.

Notes
Turn   | Place    | Note
-------+----------+-------------------------------------------
     0 | D:1      | KittyFluff the Gargoyle Berserker began the quest for the
                  | Orb.
     0 | D:1      | Reached XP level 1. HP: 14/14 MP: 1/1
    90 | D:1      | Reached XP level 2. HP: 8/19 MP: 2/2
   259 | D:1      | Reached XP level 3. HP: 23/23 MP: 3/3
   517 | D:1      | Reached ** piety under Trog
   627 | D:1      | Reached skill level 1 in Stealth
   868 | D:2      | Reached skill level 3 in Armour
   939 | D:2      | Reached XP level 4. HP: 28/28 MP: 4/4
  1667 | D:3      | Found a blossoming altar of Fedhas.
  1715 | D:3      | Found an opulent altar of Gozag.
  1775 | D:3      | Found a bloodstained altar of Trog.
  1970 | D:3      | Reached XP level 5. HP: 33/33 MP: 3/5
  2018 | D:3      | Reached *** piety under Trog
  2060 | D:4      | Noticed Menkaure
  2061 | D:4      | Found a staircase to the Ecumenical Temple.
  2329 | D:4      | Reached skill level 4 in Armour
  2329 | D:4      | Reached XP level 6. HP: 12/38 MP: 3/6
  2604 | D:4      | Killed Menkaure
  2815 | D:5      | Entered Level 5 of the Dungeon
  2815 | D:5      | Found Kofaix's Antique Armour Emporium.
  2869 | D:5      | Bought a shimmering ring mail for 225 gold pieces
  2869 | D:5      | Identified the +0 ring mail of Midwinter {Dex+2} (You
                  | bought it in a shop on level 5 of the Dungeon)
  2886 | D:5      | Reached XP level 7. HP: 32/43 MP: 4/7
  2937 | D:5      | Found Atsaiggu's Jewellery Boutique.
  2955 | D:5      | Reached skill level 5 in Maces & Flails
  3159 | D:5      | Reached skill level 5 in Armour
  3198 | D:5      | Found a burning altar of Makhleb.
  3289 | D:5      | Reached XP level 8. HP: 27/48 MP: 4/8
  3426 | D:5      | Found Majiaf's Magic Scroll Emporium.
  3459 | D:5      | Reached skill level 5 in Fighting
  3462 | D:5      | Found a sparkling altar of Nemelex Xobeh.
  3471 | D:5      | Found Akaefyw's Distillery.
  3550 | D:5      | Found Miolul's Assorted Antiques.
  3572 | D:5      | Identified the +4 great sword of Miure {flame, Int+2}
  3638 | D:5      | Reached skill level 6 in Armour
  3724 | D:5      | Identified the +1 robe of the Original Sin {rN+ Will+
                  | Str+2}
  4140 | D:6      | Reached **** piety under Trog
  4581 | D:6      | Identified the +4 scimitar of Jushot {drain, Dex+5}
  4722 | D:7      | Reached XP level 9. HP: 54/54 MP: 9/9
  4789 | D:7      | Reached skill level 5 in Stealth
  4798 | D:7      | HP: 1/82 [orc warrior/+0 halberd (9)]
  4799 | D:7      | Reached skill level 7 in Armour
  4800 | D:7      | Mangled by an orc warrior

Illustrated notes

Levels and vault maps discovered:
D:1:      denvon_arrival_planthouse, layout_loops_ring, kennysheep_boxes
D:2:      layout_basic, minmay_pentomino_w2
D:3:      layout_rooms, bloody_trog, mainiacjoe_overflow_surrounded_room,
          mainiacjoe_overflow_small_starburst
D:4:      layout_rooms, minmay_temple_entry_junction_2, uniq_menkaure
D:5:      layout_cave_pools, makhleb_heckhound_becter,
          nemelex_diamond_rough_becter, serial_shops, shop_statue,
          nicolae_shop_behind_doors, shop, shop, nicolae_shop_hallway_stairs
D:6:      layout_rooms, minmay_unpleasant_kobolds
D:7:      layout_rooms, minivault_1

Skill      XL: |  1  2  3  4  5  6  7  8  9 |
---------------+----------------------------+-----
Stealth        | 1 2 3 4 5 |  5.0
Armour         | 3 4 5 6 7 |  7.0
Dodging        | 2 3 |  3.8
Maces & Flails | 4 5 6 |  6.9
Fighting       | 4 5 |  5.6

Action                     |  1- 3 |  4- 6 |  7- 9 || total
---------------------------+-------+-------+-------++-------
  Melee: Mace              |   107 |   149 |    88 ||   344
         Punch             |       |     4 |     6 ||    10
         Flail             |       |       |   126 ||   126
  Throw: Dart              |       |     3 |       ||     3
 Invoke: Berserk           |       |     1 |     2 ||     3
    Use: Scroll            |       |     3 |     5 ||     8
   Stab: Sleeping          |       |     2 |     2 ||     4
 Armour: Animal skin       |     3 |       |       ||     3
         Leather armour    |    43 |    87 |    76 ||   206
         Robe              |       |       |    54 ||    54
  Dodge: Dodged            |    86 |   112 |   166 ||   364
